 Dungeon Crawl Stone Soup version 0.30.1-4-g462c640d31 (webtiles) character file.

Game seed: 2659982955706019368

5478 Gorgoleon the Grappler (level 10, 0/98 HPs)
             Began as a Troll Fighter on Aug 14, 2023.
             Was a High Priest of Okawaru.
             Slain by a thrashing horror (4 damage)
             ... on level 3 of the Abyss.
             The game lasted 00:26:04 (7969 turns).

Gorgoleon the Grappler (Troll Fighter)              Turns: 7969, Time: 00:26:05

Health: 0/98       AC:  8    Str: 28    XL:     10   Next: 42%
Magic:  11/11      EV:  9    Int:  4    God:    Okawaru [*****.]
Gold:   560        SH: 16    Dex:  9    Spells: 9/9 levels left

rFire   . .          .
                       - Unarmed
rCold   . . .        b - +3 kite shield
rNeg    . . .        a - +0 robe
rPois   .            F - +3 crown of Dyrovepreva {rElec Int+2 SInv}
rElec   +            f - +0 cloak
rCorr   .            (gloves unavailable)
SInv    +            (boots unavailable)
Will    +....        J - amulet of reflection
Stlth   +            y - ring of willpower
HPRegen 1.16/turn    (no ring)
MPRegen 0.12/turn

%: reflection
@: about to teleport
A: large, unfitting armour, claws 3, regeneration 1, shaggy fur 1, tough skin 1,
[dopey 2]
a: Renounce Religion, Heroism, Finesse, Duel


You were on level 3 of the Abyss.
You worshipped Okawaru.
Okawaru was extremely pleased with you.
You visited 2 branches of the dungeon, and saw 10 of its levels.
You visited the Abyss 1 time.
You also visited: Ossuary.

You collected 560 gold pieces.

Inventory:

Missiles
 g - 78 stones (quivered)
 h - 5 poisoned darts
 j - 12 boomerangs
 q - a throwing net
 D - 5 large rocks
Armour
 a - a +0 robe (worn)
 b - a +3 kite shield (worn)
 f - a +0 cloak (worn)
 F - the +3 crown of Dyrovepreva (worn) {rElec Int+2 SInv}
   (You acquired it on level 9 of the Dungeon)

   Int:       It affects your intelligence (+2).
   rElec:     It insulates you from electricity.
   SInv:      It lets you see invisible.
Jewellery
 l - a ring of wizardry
 v - a ring of flight
 x - a ring of wizardry
 y - a ring of willpower (left claw)
 J - an amulet of reflection (around neck)
 K - an amulet of guardian spirit
Wands
 p - a wand of polymorph (5)
 A - a wand of flame (9)
Scrolls
 d - a scroll of fear
 i - a scroll of poison
 n - a scroll of silence
 w - 2 scrolls of teleportation
 E - 2 scrolls of enchant armour
 H - a scroll of fog
 I - 2 scrolls of identify
Potions
 c - a potion of flight
 e - 2 potions of mutation
 k - 2 potions of magic
 m - 3 potions of cancellation
 o - 3 potions of brilliance
 r - 2 potions of curing
 s - a potion of attraction
 t - a potion of ambrosia
 u - 2 potions of haste {unknown}
 z - 2 potions of lignification {unknown}
 C - 3 potions of might


   Skills:
 * Level 5.6 Fighting
 * Level 4.2 Throwing
 * Level 4.3 Dodging
 * Level 5.2 Shields
 + Level 11.3 Unarmed Combat
 * Level 3.2 Invocations


You had 9 spell levels left.
You didn't know any spells.
Your spell library contained the following spells:

 Spells                   Type           Power      Damage    Failure   Level
 Kiss of Death            Conj/Necr      0%         2d5       71%         1
 Slow                     Hex            0%         N/A       71%         1
 Confusing Touch          Hex            0%         N/A       97%         3
 Vampiric Draining        Necr           0%         2d6       97%         3
 Dispel Undead            Necr           0%         3d6       100%        4
 Summon Small Mammal      Summ           Unusable   N/A       N/A         1
 Call Canine Familiar     Summ           Unusable   N/A       N/A         3
 Summon Guardian Golem    Hex/Summ       Unusable   N/A       N/A         3

Dungeon Overview and Level Annotations

Branches:
Dungeon (9/15)             Temple (1/1) D:5         Ossuary (visited)
   Lair: D:8-11         Orc: D:9-12

Altars:
Ashenzari
Cheibriados
Dithmenos
Elyvilon
Fedhas
Gozag
Hepliaklqana
Kikubaaqudgha
Makhleb
Nemelex Xobeh
Okawaru
Qazlal
Ru
Sif Muna
Trog
Uskayaw
Vehumet
Wu Jian
Yredelemnul
Zin
The Shining One

Annotations:
D:4 2 transporters, Luigithegreat456's ghost, amateur DrCj
D:6 2 transporters, Eryximachus's ghost, novice OpHW
D:9 Erolcha


Innate Abilities, Weirdness & Mutations

You are too large for most types of armour.
You have claws for hands.
Your natural rate of healing is unusually fast.
You are covered in fur. (AC +1)
You have tough skin. (AC +1)
[You are very dopey. (Int -4)]


Message History

You feel strangely unstable.
You feel the power of the Abyss delaying your translocation!
The thrashing horror tramples you!
You stumble backwards!
You block the thrashing horror's attack.
The thrashing horror tramples you but does no damage.
The thrashing horror tramples you!
You hold your ground!
The thrashing horror tramples you but does no damage.
You block the thrashing horror's attack. x2
The thrashing horror tramples you!
You hold your ground!
You block the thrashing horror's attack.
The wretched star pulses with an eldritch light!
You feel stupid. x2
The thrashing horror tramples you!!
You stumble backwards!
The thrashing horror attacks as you move away!
The thrashing horror tramples you!
* * * LOW HITPOINT WARNING * * *
You block the thrashing horror's attack.
The thrashing horror tramples you but does no damage.
The thrashing horror tramples you.
* * * LOW HITPOINT WARNING * * *
You hold your ground!
You closely miss the thrashing horror.
The thrashing horror is heavily damaged.
The thrashing horror tramples you.
* * * LOW HITPOINT WARNING * * *
You hold your ground!
The thrashing horror tramples you.
* * * LOW HITPOINT WARNING * * *
You stumble backwards!
You claw the thrashing horror!
The thrashing horror is severely damaged.
The thrashing horror barely misses you.
You block the thrashing horror's attack.
The thrashing horror tramples you!
* * * LOW HITPOINT WARNING * * *
You hold your ground!
The thrashing horror tramples you but does no damage.
The thrashing horror tramples you!
* * * LOW HITPOINT WARNING * * *
You hold your ground!
The thrashing horror tramples you.
You die...

.##ยง...# ...#.# #
.....# # #.#..# #
##.#..#### ##
####.#...##.#
#.......*#..# #
#.##.....#.X@### ##
###..#.#...###.....#
.#
#..#....#.#...#.#.#..
.#.. .. ..##..##.#.#
# ......# #...# .##
.. #...#...### # #
........#### ## #.#
.#....# # #.####...


You could see a wretched star and a thrashing horror (strong).

Vanquished Creatures
  A large abomination (Abyss:3)
  Pikel (D:6)
  Sigmund (D:5)
  A ynoxinul (Abyss:2)
  A wyvern (D:8)
  5 yaks
  Eustachio (D:4)
  An acid dragon (D:8)
  A water moccasin (D:7)
  An ice beast (D:6)
  An orc warrior (D:8)
  A black bear (D:6)
  4 elf zombies (Ossuary)
  2 bullfrogs
  A gnoll sergeant (D:8)
  3 scorpions
  9 wights (D:7)
  3 killer bees (D:9)
  2 centaur zombies (Ossuary)
  A human zombie (Ossuary)
  2 hounds
  5 jellies
  10 orc priests
  2 sleepcaps
  2 iguanas (D:7)
  11 orc wizards
  2 hound zombies (Ossuary)
  3 mummies (Ossuary)
  15 gnolls
  7 adders
  A shadow imp (D:7)
  2 white imps
  An ufetubus (D:5)
  2 adder zombies (Ossuary)
  A worm (D:5)
  4 dart slugs
  32 orcs
  5 bats
  12 endoplasms
  A gnoll zombie (Ossuary)
  3 goblins
  6 hobgoblins
  A quokka (D:4)
  9 ball pythons
  3 frilled lizards
  4 goblin zombies (Ossuary)
  6 hobgoblin zombies (Ossuary)
  4 jackal zombies (Ossuary)
  10 kobolds
  4 kobold zombies (Ossuary)
  2 orc zombies (Ossuary)
  7 rats
  2 rat zombies (Ossuary)
222 creatures vanquished.

Vanquished Creatures (others)
  An orc wizard (D:4)
  A lurking horror (Abyss:3)
2 creatures vanquished.

Grand Total: 224 creatures vanquished

Notes
Turn   | Place    | Note
-------+----------+-------------------------------------------
     0 | D:1      | Gorgoleon the Troll Fighter began the quest for the Orb.
     0 | D:1      | Reached XP level 1. HP: 22/22 MP: 0/0
   231 | D:1      | Reached XP level 2. HP: 29/29 MP: 1/1
   377 | D:1      | Reached skill level 3 in Unarmed Combat
   860 | D:1      | Reached XP level 3. HP: 35/36 MP: 2/2
   962 | D:2      | Reached skill level 4 in Unarmed Combat
  1215 | D:2      | Reached XP level 4. HP: 44/44 MP: 3/3
  1591 | D:3      | Reached skill level 5 in Unarmed Combat
  1751 | D:3      | Reached XP level 5. HP: 37/50 MP: 4/4
  1821 | D:3      | Found a snail-covered altar of Cheibriados.
  2167 | D:4      | Found a transporter.
  2175 | D:4      | Noticed Luigithegreat456's ghost (amateur DrCj)
  2371 | D:4      | Found an iron altar of Okawaru.
  2377 | D:4      | Became a worshipper of Warmaster Okawaru
  2458 | D:4      | Found a transporter.
  2549 | D:4      | Reached skill level 1 in Throwing
  2600 | D:4      | Reached skill level 6 in Unarmed Combat
  2604 | D:4      | Reached XP level 6. HP: 39/59 MP: 5/5
  2747 | D:4      | Noticed Eustachio
  2760 | D:4      | Killed Eustachio
  2760 | D:4      | Reached * piety under Okawaru
  2761 | D:4      | Reached skill level 7 in Unarmed Combat
  2761 | D:4      | Reached skill level 1 in Invocations
  2761 | D:4      | Reached XP level 7. HP: 66/66 MP: 6/6
  3257 | D:5      | Entered Level 5 of the Dungeon
  3497 | D:5      | Found a burning altar of Makhleb.
  3526 | D:5      | Noticed Sigmund
  3542 | D:5      | Killed Sigmund
  3543 | D:5      | Reached skill level 8 in Unarmed Combat
  3568 | D:5      | Reached ** piety under Okawaru
  3938 | D:5      | Found a staircase to the Ecumenical Temple.
  3943 | Temple   | Entered the Ecumenical Temple
  4399 | D:6      | Found a transporter.
  4399 | D:6      | Found a transporter.
  4399 | D:6      | Noticed Eryximachus's ghost (novice OpHW)
  4437 | D:6      | Reached XP level 8. HP: 68/74 MP: 8/8
  4885 | D:6      | Noticed Pikel
  4908 | D:6      | Killed Pikel
  4909 | D:6      | Reached skill level 9 in Unarmed Combat
  5373 | D:7      | Reached *** piety under Okawaru
  5425 | D:7      | Found a blossoming altar of Fedhas.
  5473 | D:7      | Reached skill level 10 in Unarmed Combat
  5473 | D:7      | Reached XP level 9. HP: 46/80 MP: 9/9
  5561 | D:7      | Found a broken altar of Ashenzari.
  5760 | D:7      | Found a shimmering blue altar of Sif Muna.
  5861 | D:7      | Reached skill level 5 in Fighting
  6311 | D:8      | Identified the +2 helmet of the Snail {Fly Dex+5}
  6651 | D:8      | Reached **** piety under Okawaru
  6824 | D:8      | Found a sand-covered staircase.
  6830 | Ossuary  | Entered an ossuary
  7081 | Ossuary  | Received a gift from Okawaru
  7482 | D:8      | Reached XP level 10. HP: 48/96 MP: 10/10
  7618 | D:8      | Reached skill level 11 in Unarmed Combat
  7637 | D:8      | Received a gift from Okawaru
  7689 | D:9      | Identified a scroll of acquirement
  7689 | D:9      | Acquired the +3 crown of Dyrovepreva {rElec Int+2 SInv}
  7689 | D:9      | Found the +3 crown of Dyrovepreva {rElec Int+2 SInv}
  7839 | D:9      | Noticed Erolcha
  7848 | Abyss:2  | Cast into level 2 of the Abyss (Erolcha)
  7852 | Abyss:2  | Reached ***** piety under Okawaru
  7853 | Abyss:2  | Reached skill level 5 in Shields
  7890 | Abyss:3  | Noticed a smoke demon
  7894 | Abyss:3  | Noticed a large abomination
  7904 | Abyss:3  | Found a corrupted altar of Lugonu.
  7912 | Abyss:3  | Killed a large abomination
  7912 | Abyss:3  | Received a gift from Okawaru
  7934 | Abyss:3  | Noticed a thrashing horror
  7961 | Abyss:3  | Noticed a wretched star
  7969 | Abyss:3  | HP: 4/98 [thrashing horror (11)]
  7969 | Abyss:3  | Slain by a thrashing horror

Illustrated notes

Levels and vault maps discovered:
D:1:      evilmike_arrival_fibonacci_small, layout_loops_ring, serial_forest,
          infiniplex_forest_end_2, infiniplex_forest_corner_1,
          infiniplex_forest_lined_2, infiniplex_forest_lined_3,
          infiniplex_forest_end_3, infiniplex_forest_lined_room_3,
          infiniplex_forest_end_3
D:2:      layout_rooms
D:3:      layout_basic, kennysheep_slug_shrine
D:4:      cheibrodos_fertilizer, layout_basic, okawaru_ov_weapons_minmay,
          gammafunk_ghost_mausoleum, chequers_jeans, kennysheep_generic_room_15,
          uniq_eustachio
D:5:      layout_loops_ring, mainiacjoe_overflow_alcove_1, temple_doors_cd,
          minmay_misc_feat_more_columns, uniq_sigmund
D:6:      layout_basic, gammafunk_ghost_arena, minmay_misc_feat_tiny, uniq_pikel
D:7:      layout_basic, mainiacjoe_overflow_alcove_2,
          nicolae_overflow_crystal_walls, nicolae_ashenzari_skybound
D:8:      layout_loops_corners, nicolae_ossuary_entry_plus
D:9:      layout_cave_pools, gammafunk_temple_overflow_arena,
          grunt_decor_arrowhead, grunt_ministairs_6, uniq_grum, uniq_erolcha
Temple:   bh_familiar_temple
Abyss:3:  base: D:7, hangedman_elemental_corridor, evilmike_abyss_exit_4,
          spicy_abyss_unhelpful_harpoons, hangedman_elemental_corridor,
          evilmike_abyss_exit_plants

Skill      XL: |  1  2  3  4  5  6  7  8  9 10 |
---------------+-------------------------------+-----
Unarmed Combat | 3 4 5 6 7 8 10 11 | 11.3
Throwing       | 1 2 3 4 |  4.2
Invocations    | 1 2 3 |  3.2
Shields        | 4 5 |  5.2
Dodging        | 3 4 |  4.3
Fighting       | 3 5 |  5.6

Action                     |  1- 3 |  4- 6 |  7- 9 | 10-12 || total
---------------------------+-------+-------+-------+-------++-------
  Melee: Unarmed           |    86 |   120 |   390 |    50 ||   646
    Use: Scroll            |       |     7 |    12 |     3 ||    22
         Potion            |       |     1 |     6 |     2 ||     9
   Stab: Sleeping          |     2 |     1 |       |       ||     3
 Armour: Robe              |    14 |    37 |    61 |    12 ||   124
  Dodge: Dodged            |    30 |    17 |    77 |    18 ||   142
  Block: Kite shield       |    28 |    29 |   136 |    46 ||   239
         Reflection        |       |       |       |     1 ||     1
